 Dungeon Crawl Stone Soup version 5.7-8-g3a8b389 (webtiles) character file.

96 learn4r the Spear-Bearer (level 13, -1/121 HPs) *CASUAL*
             Began as a Naga Torpor Knight on Nov 16, 2018.
             Was an Elder of Cheibriados.
             Slain by an ice dragon (7 damage)
             ... on level 12 of the Dungeon.
             The game lasted 00:23:03 (6992 turns).

learn4r the Spear-Bearer (Naga Torpor Knight)       Turns: 6992, Time: 00:23:04

Health: -1/121     AC: 24 (39%)Str: 29  XL:     13   Next: 29%
Magic:  23/25      EV:  9    Int: 22    God:    Cheibriados [4*[113]]
Gold:   622        SH:  0    Dex: 22    Spells: 25/25 levels left

rFire    + . .     SeeInvis +   a - +0 spear
rCold    . . .     Faith    .   (no shield)
rNeg     + . .     Spirit   .   b - +0 plate armour {ponderous}
rPois    +         Reflect  .   q - +0 helmet
rElec    +                      f - +0 cloak
rCorr    .                      (no gloves)
MR       +....                  n - +1 naga barding
Stlth    ..........             r - amulet of the Air {+Fly rElec EV+3 RMsl}
Regen    0.3/turn               i - ring of positive energy
MPRegen  0.3/turn               (no ring)

@: repel missiles, very slow
A: see invisible, deformed body, fire resistance 1, poison resistance,
electricity resistance, slowness 2, spit poison 1, constrict 1, AC +4
a: Spit Poison, Bend Time, Temporal Distortion, Slouch, Renounce Religion, Evoke
Flight


You were on level 12 of the Dungeon.
You worshipped Cheibriados.
Cheibriados was greatly pleased with you.
You were not hungry.

You visited 1 branch of the dungeon, and saw 12 of its levels.

You collected 622 gold pieces.

Inventory:

Hand Weapons
 a - a +0 spear (weapon)
 v - a +0 trident
Missiles
 g - 125 tomahawks (quivered)
Armour
 b - a +0 plate armour of ponderousness (worn)
 f - a +0 cloak (worn)
 n - a +1 naga barding (worn)
 q - a +0 helmet (worn)
Jewellery
 e - an uncursed ring of ice
 i - a ring of positive energy (left hand)
 m - an uncursed ring of wizardry
 r - the amulet of the Air (around neck) {+Fly rElec EV+3 RMsl}
   (You found it on level 8 of the Dungeon)

   [amulet of nothing]

   It affects your evasion (+3).
   It insulates you from electricity.
   It lets you fly.
   It protects you from missiles.
 u - a +3 amulet of reflection
 w - an uncursed ring of resist corrosion
 y - an uncursed ring of protection from magic
 E - an uncursed amulet of guardian spirit
Wands
 x - a wand of disintegration (11)
 D - a wand of paralysis (6)
 G - a wand of enslavement (4)
Scrolls
 c - 4 scrolls of teleportation
 k - 2 scrolls of fear
 l - 3 scrolls of amnesia
 p - 3 scrolls of blinking
 s - a scroll of silence
 B - a scroll of fog
 C - a scroll of summoning
Potions
 d - 3 potions of cancellation
 h - a potion of flight
 j - 2 potions of ambrosia
 o - a potion of magic
 t - a potion of augmentation
 z - a potion of invisibility
 A - a potion of resistance
Miscellaneous
 F - a phial of floods


   Skills:
 + Level 9.5 Fighting
 + Level 12.9 Polearms
 + Level 1.1 Throwing
 + Level 11.3 Armour
 + Level 2.4 Dodging
 + Level 2.2 Stealth
 + Level 8.3 Invocations


You had 25 spell levels left.
You didn't know any spells.
Your spell library contained the following spells:

 Spells                   Type           Power        Failure   Level  Hunger
 Apportation              Tloc           0 (1000)     75%         1    N/A
 Olgreb's Toxic Radiance  Hex            0 (100)      100%        5    N/A
 Summon Small Mammal      Summ           0 (25)       75%         1    N/A
 Summon Ice Beast         Ice/Summ       0 (100)      100%        4    N/A
 Call Imp                 Summ           0 (100)      87%         2    N/A
 Sublimation of Blood     Necr           0 (200)      87%         2    N/A
 Statue Form              Tmut/Erth      0 (150)      100%        6    N/A
 Dragon Form              Tmut           0 (200)      100%        7    N/A
 Ignite Poison            Fire/Tmut      0 (100)      98%         3    N/A
 Call Canine Familiar     Summ           0 (100)      98%         3    N/A
 Alistair's Intoxication  Tmut           0 (100)      100%        5    N/A
 Petrify                  Tmut/Erth      0 (100)      100%        4    N/A
 Leda's Liquefaction      Hex/Erth       0 (200)      100%        4    N/A
 Summon Hydra             Summ           0 (200)      100%        7    N/A
 Summon Forest            Summ/Tloc      0 (200)      100%        5    N/A
 Summon Lightning Spire   Summ/Air       0 (100)      100%        4    N/A
 Summon Guardian Golem    Hex/Summ       0 (100)      98%         3    N/A
 Hydra Form               Tmut           0 (200)      100%        6    N/A
 Irradiate                Tmut           0 (200)      100%        5    N/A

Dungeon Overview and Level Annotations

Branches:
Dungeon (12/15)

Altars:
Cheibriados
Dithmenos
Elyvilon
Gozag
Jiyva
Kikubaaqudgha
Lugonu
Makhleb
Okawaru
Qazlal
Ru
Sif Muna
Trog
Vehumet
Wu Jian
Yredelemnul
Zin
The Shining One


Innate Abilities, Weirdness & Mutations

You cannot wear boots.
Your serpentine skin is tough. (AC +4)
You have supernaturally acute eyesight. (SInv)
Armour fits poorly on your strangely shaped body.
Your system is resistant to poisons. (rPois)
You cover ground very slowly.
You can spit poison.
You can use your snake-like lower body to constrict enemies.
Your flesh is heat resistant. (rF+)
You are resistant to electric shocks. (rElec)


Message History

Unknown command.
The flow of time bends around you.
Cheibriados rebukes the ice dragon.
The ice dragon seems to slow down.
The ice dragon misses you. The ice dragon claws you (10)!
* * * LOW HITPOINT WARNING * * *
The ice dragon tramples you but does no damage.
The ice dragon is no longer moving slowly.
The ice dragon bites you but does no damage.
The ice dragon claws you but does no damage.
The ice dragon tramples you but does no damage.
The ice dragon bites you but does no damage.
The ice dragon claws you but does no damage.
The ice dragon tramples you but does no damage.
The ice dragon breathes frost at you. The blast of cold hits you!
That hurt (22)!
* * * LOW HITPOINT WARNING * * *
The ice dragon bites you but does no damage.
The ice dragon barely misses you. The ice dragon tramples you (7)!
You die...

......≈≈≈≈......P########....
..≈≈≈≈.≈≈≈≈..#...#..#........
≈≈≈≈≈≈..≈≈≈≈###....#....P....
≈≈≈≈≈≈...≈≈## #.......P....#.
≈≈≈≈≈≈≈.≈...####.....#..P..##
≈≈≈≈≈≈≈≈≈.##........####.##
≈≈≈≈≈≈...P...?....###...#
≈≈≈≈≈..............#...##
≈≈≈≈.≈...@...###........#
≈≈≈≈≈≈≈..D..###...P.....##
≈≈≈≈.≈.....## ###.####....
≈≈≈...≈≈.### #..###..>..
≈≈≈≈.≈≈≈## #..........
≈≈..≈≈≈≈# ##P........
...≈≈≈≈.# ##........
...≈...⌠# ###...... ...#....#
P.....!


You could see an ice dragon.

Vanquished Creatures
  A death knight (D:11)
  An unseen horror (D:10)
  Pikel (D:6)
  An ugly thing (D:11)
  An orc sorcerer (D:10)
  A deep elf mage (D:11)
  2 manticores (D:11)
  A cyclops (D:9)
  2 centaur zombies
  3 spiny frogs
  A rime drake (D:10)
  3 trolls (D:11)
  A polar bear (D:12)
  Grinder (D:5)
  A vampire (D:8)
  6 yaks (D:9)
  2 wyverns (D:11)
  Grum (D:8)
  An angry ghost (D:11)
  Menkaure (D:8)
  3 water moccasins
  An orc warrior (D:9)
  8 ice beasts
  2 ogres
  3 wolves (D:8)
  6 centaurs
  2 blink frog skeletons
  4 bullfrogs
  2 wyvern zombies
  4 wyvern skeletons
  3 scorpions
  2 water moccasin skeletons
  4 crimson imps
  4 wights (D:9)
  10 killer bees
  A wasp zombie (D:7)
  A centaur skeleton (D:7)
  6 hounds
  2 jellies
  An orc priest (D:9)
  Natasha (twice) (D:3)
  3 orc wizards
  9 worker ants
  3 iguanas
  A hound zombie (D:3)
  Samantha (D:3)
  12 adders
  A howler monkey skeleton (D:4)
  2 shadow imps (D:7)
  2 white imps (D:12)
  3 oozes
  5 dart slugs
  13 orcs
  7 quokkas
  2 giant cockroaches
  15 goblins
  9 hobgoblins
  5 jackals
  4 kobolds
  2 ball pythons (D:1)
  7 bats
  3 frilled lizards
  A quokka skeleton (D:5)
  10 rats
223 creatures vanquished.

Vanquished Creatures (others)
  An orc warrior (D:9)
  A slave (D:6)
  A water moccasin skeleton (D:6)
  An orc wizard (D:9)
  2 orcs (D:9)
  A plant (D:12)
7 creatures vanquished.

Grand Total: 230 creatures vanquished

Notes
Turn   | Place    | Note
-------+----------+-------------------------------------------
     0 | D:1      | learn4r the Naga Torpor Knight began the quest for the Orb.
     0 | D:1      | Reached XP level 1. HP: 19/19 MP: 2/2
    52 | D:1      | Reached XP level 2. HP: 18/26 MP: 4/4
   173 | D:1      | Reached XP level 3. HP: 20/32 MP: 5/5
   206 | D:1      | Reached skill level 4 in Polearms
   304 | D:1      | Reached ** piety under Cheibriados
   399 | D:1      | Reached XP level 4. HP: 40/40 MP: 7/7
   585 | D:1      | Gained mutation: Your flesh is heat resistant. (rF+) [potion of mutation]
   585 | D:1      | Gained mutation: You passively map the area around you. [potion of mutation]
   585 | D:1      | Gained mutation: Your muscles are strong. (Str +5) [potion of mutation]
   703 | D:2      | Found a corrupted altar of Lugonu.
   762 | D:2      | Found a white marble altar of Elyvilon.
   779 | D:2      | Found a faded altar of an unknown god.
   790 | D:2      | Reached XP level 5. HP: 47/48 MP: 9/9
   815 | D:2      | Lost mutation: Your muscles are strong. (Str +5) [potion of mutation]
   815 | D:2      | Lost mutation: You passively map the area around you. [potion of mutation]
   815 | D:2      | Lost mutation: Your flesh is heat resistant. (rF+) [potion of mutation]
   815 | D:2      | Gained mutation: You can exhale a cloud of poison. [potion of mutation]
   815 | D:2      | Gained mutation: You do not regenerate when monsters are visible. [potion of mutation]
   815 | D:2      | Gained mutation: You are covered in thick fur. (AC +4) [potion of mutation]
   815 | D:2      | Gained mutation: You are resistant to electric shocks. (rElec) [potion of mutation]
   899 | D:2      | Reached skill level 5 in Polearms
  1052 | D:2      | Found an opulent altar of Gozag.
  1096 | D:2      | Found a glowing golden altar of the Shining One.
  1115 | D:2      | Reached XP level 6. HP: 56/56 MP: 11/11
  1182 | D:2      | Found a stormy altar of Qazlal.
  1185 | D:2      | Found a deep blue altar of Sif Muna.
  1273 | D:3      | Noticed Natasha
  1287 | D:3      | Killed Natasha
  1287 | D:3      | Reached skill level 1 in Dodging
  1300 | D:3      | Reached *** piety under Cheibriados
  1305 | D:3      | Found an ornate altar of the Wu Jian Council.
  1433 | D:3      | Noticed a hand axe
  1433 | D:3      | Noticed a dagger
  1514 | D:3      | Reached skill level 6 in Polearms
  1514 | D:3      | Gained mutation: You can use your snake-like lower body to constrict enemies. [Naga growth]
  1514 | D:3      | Reached XP level 7. HP: 55/62 MP: 12/12
  1582 | D:3      | Found an ancient bone altar of Kikubaaqudgha.
  1611 | D:3      | Noticed Natasha
  1621 | D:3      | Killed Natasha
  1680 | D:3      | Noticed Samantha
  1702 | D:3      | Killed Samantha
  1749 | D:3      | Reached **** piety under Cheibriados
  1813 | D:4      | Found a shadowy altar of Dithmenos.
  1827 | D:4      | Reached skill level 7 in Polearms
  2067 | D:4      | Found a bloodstained altar of Trog.
  2134 | D:4      | Found a radiant altar of Vehumet.
  2148 | D:4      | Reached XP level 8. HP: 70/70 MP: 15/15
  2154 | D:4      | Found an iron altar of Okawaru.
  2316 | D:4      | Found a glowing silver altar of Zin.
  2356 | D:4      | Found a shadowy altar of Dithmenos.
  2359 | D:4      | Found a snail-covered altar of Cheibriados.
  2584 | D:5      | Entered Level 5 of the Dungeon
  2597 | D:5      | Reached skill level 5 in Armour
  2611 | D:5      | Reached skill level 1 in Stealth
  2651 | D:5      | Reached skill level 8 in Polearms
  2662 | D:5      | Reached XP level 9. HP: 74/79 MP: 17/17
  2707 | D:5      | Reached skill level 5 in Fighting
  2776 | D:5      | Found a sacrificial altar of Ru.
  2827 | D:5      | Noticed Grinder
  2832 | D:5      | Killed Grinder
  2927 | D:6      | Reached skill level 9 in Polearms
  2946 | D:6      | Noticed Pikel
  2968 | D:6      | Killed Pikel
  2968 | D:6      | Reached XP level 10. HP: 69/91 MP: 19/19
  2993 | D:6      | Found a viscous altar of Jiyva.
  3133 | D:6      | Found a burning altar of Makhleb.
  3378 | D:7      | Found a basalt altar of Yredelemnul.
  3676 | D:7      | Reached ***** piety under Cheibriados
  3714 | D:7      | Reached skill level 10 in Polearms
  4028 | D:8      | Noticed Menkaure
  4029 | D:8      | Noticed Grum
  4035 | D:8      | Killed Menkaure
  4045 | D:8      | Reached XP level 11. HP: 24/100 MP: 19/21
  4050 | D:8      | Killed Grum
  4050 | D:8      | Reached skill level 5 in Invocations
  4366 | D:8      | Found a bloodstained altar of Trog.
  4372 | D:8      | Got Jupniarr's Volume of Retrieval
  4815 | D:9      | Noticed a cyclops
  4843 | D:9      | Killed a cyclops
  5167 | D:9      | Reached skill level 11 in Polearms
  5424 | D:9      | Reached skill level 1 in Throwing
  5429 | D:9      | Reached XP level 12. HP: 79/110 MP: 20/23
  5647 | D:10     | Entered Level 10 of the Dungeon
  5911 | D:10     | Reached skill level 12 in Polearms
  5930 | D:10     | Reached skill level 10 in Armour
  6434 | D:11     | Lost mutation: You are covered in thick fur. (AC +4) [potion of mutation]
  6434 | D:11     | Lost mutation: You can exhale a cloud of poison. [potion of mutation]
  6434 | D:11     | Lost mutation: You do not regenerate when monsters are visible. [potion of mutation]
  6434 | D:11     | Lost mutation: You are resistant to electric shocks. (rElec) [potion of mutation]
  6434 | D:11     | Gained mutation: Your flesh is heat resistant. (rF+) [potion of mutation]
  6434 | D:11     | Gained mutation: You are resistant to electric shocks. (rElec) [potion of mutation]
  6525 | D:11     | Reached XP level 13. HP: 100/121 MP: 25/25
  6883 | D:12     | Noticed an ice dragon
  6936 | D:12     | HP: 5/121 [white imp/puff of frost (5)]
  6992 | D:12     | HP: 6/121 [ice dragon/blast of cold (22)]
  6992 | D:12     | Slain by an ice dragon

Skill      XL: |  1  2  3  4  5  6  7  8  9 10 11 12 13 |
---------------+----------------------------------------+-----
Polearms       | 4 5 6 7 8 9 10 11 12 | 12.9
Armour         | 2 3 4 5 7 8 9 10 11 | 11.3
Fighting       | 3 4 6 7 9 |  9.5
Dodging        | 1 2 |  2.4
Invocations    | 3 4 6 8 |  8.3
Stealth        | 1 2 |  2.2
Throwing       | 1 |  1.1

Action                   |  1- 3 |  4- 6 |  7- 9 | 10-12 | 13-15 || total
-------------------------+-------+-------+-------+-------+-------++-------
Melee: Spear             |    69 |   183 |   208 |   422 |   115 ||   997
       Constrict         |       |       |    51 |    70 |    15 ||   136
Throw: Tomahawk          |       |       |     1 |     2 |       ||     3
Invok: Bend Time         |       |     1 |     5 |    11 |     5 ||    22
       Temporal Distorti |       |       |     1 |       |     1 ||     2
       Slouch            |       |       |     1 |     2 |     2 ||     5
       Step From Time    |       |       |       |       |     1 ||     1
 Abil: Breathe Poison Ga |       |       |     1 |     1 |       ||     2
  Use: Potion            |       |     2 |       |     1 |     1 ||     4
       Scroll            |       |       |       |     1 |       ||     1
Armor: Plate armour      |    25 |   123 |   114 |   218 |    86 ||   566
Dodge: Dodged            |     8 |    28 |    32 |    87 |    44 ||   199
       Deflected         |       |       |       |     4 |     7 ||    11
